 Dungeon Crawl Stone Soup version 0.30-a0-883-g5ad918d77d (webtiles) character file.

Game seed: 1293887308132688073

204 cheesebisquit the Firebug (level 5, -1/36 HPs)
             Began as a Draconian Fire Elementalist on Mar 16, 2023.
             Was a Follower of Hepliaklqana.
             Slain by an orc
             ... wielding a +1 heavy morningstar
              (17 damage)
             ... on level 5 of the Dungeon.
             The game lasted 00:23:08 (4598 turns).

cheesebisquit the Firebug (DrFE)                    Turns: 4598, Time: 00:23:09

Health: -1/36      AC:  6    Str: 11    XL:     5   Next: 52%
Magic:  3/9        EV: 10    Int: 23    God:    Hepliaklqana [*.....]
Gold:   127        SH:  7    Dex: 11    Spells: 8/9 levels left

rFire   . . .      SeeInvis .    b - +0 spear
rCold   . . .      Faith    .    k - +0 kite shield
rNeg    . . .      Spirit   .    (body armour unavailable)
rPois   +          Reflect  .    (helmet restricted)
rElec   .          Rampage  .    (no cloak)
rCorr   .                        o - +0 pair of gloves
Will    .....                    (no boots)
Stlth   ++                       (no amulet)
HPRegen 0.26/turn                e - +6 ring of intelligence
MPRegen 0.11/turn                s - ring of poison resistance

@: very slightly contaminated
A: reduced essence, AC +5, unfitting armour, cold-blooded
a: Renounce Religion, Recall Ancestor, Ancestor Identity


You were on level 5 of the Dungeon.
You worshipped Hepliaklqana.
Hepliaklqana was aware of your devotion.
You visited 2 branches of the dungeon, and saw 6 of its levels.

You collected 313 gold pieces.
You spent 186 gold pieces at shops.

Inventory:

Hand Weapons
 b - a +0 spear (weapon)
Armour
 k - a +0 kite shield (worn)
 o - a +0 pair of gloves (worn)
Jewellery
 e - a +6 ring of intelligence (left hand)
 j - a ring of resist corrosion
 s - a ring of poison resistance (right hand)
Wands
 r - a wand of polymorph (12)
Scrolls
 f - a scroll of summoning {unknown}
 g - a scroll of amnesia {unknown}
 i - 8 scrolls of identify {unknown}
 l - 3 scrolls of fog {unknown}
 m - 2 scrolls of blinking
 n - a scroll of magic mapping {unknown}
 q - a scroll of enchant armour {unknown}
 t - a scroll of fear {unknown}
 w - a scroll of teleportation {unknown}
Potions
 a - 2 potions of magic
 c - a potion of flight {unknown}
 d - 2 potions of attraction
 h - 6 potions of curing
 p - a potion of cancellation {unknown}
 u - 3 potions of brilliance {unknown}
 v - 2 potions of degeneration {unknown}
 x - a potion of might {unknown}


   Skills:
 + Level 1.7 Fighting
 + Level 1.5 Polearms
 + Level 2.3 Dodging
 + Level 2.4 Stealth
 + Level 1.5 Shields
 + Level 2.7 Spellcasting
 - Level 1.0 Conjurations
 * Level 4.1 Fire Magic


You had 8 spell levels left.
You knew the following spells:

 Your Spells              Type           Power      Damage    Failure   Level
a - Foxfire               Conj/Fire      60%        2x1d7     14%         1

Your spell library contained the following spells:

 Spells                   Type           Power      Damage    Failure   Level
 Scorch                   Fire           44%        2d7       11%         2
 Apportation              Tloc           6%         N/A       36%         1
 Necrotise                Necr           12%        1d4       36%         1
 Summon Small Mammal      Summ           12%        N/A       36%         1
 Inner Flame              Hex/Fire       12%        N/A       45%         3
 Sublimation of Blood     Necr           3%         N/A       52%         2
 Wereblood                Tmut           3%         N/A       52%         2
 Kindle Blastsparks       Fire/Tloc/Air  18%        2d11      54%         3
 Ozocubu's Armour         Ice            3%         N/A       75%         3
 Flame Wave               Conj/Fire      15%        2d7       80%         4
 Metabolic Englaciation   Hex/Ice        1%         N/A       100%        5
 Simulacrum               Ice/Necr       1%         N/A       100%        6
 Summon Hydra             Summ           1%         N/A       100%        7


Dungeon Overview and Level Annotations

Branches:
Dungeon (5/15)             Temple (1/1) D:4

Altars:
Ashenzari
Cheibriados
Dithmenos
Elyvilon
Fedhas
Gozag
Hepliaklqana
Kikubaaqudgha
Makhleb
Nemelex Xobeh
Okawaru
Qazlal
Ru
Sif Muna
Trog
Uskayaw
Vehumet
Wu Jian
Xom
Yredelemnul
Zin
The Shining One

Shops:
D:5 *


Innate Abilities, Weirdness & Mutations

Your life essence is reduced to manifest your ancestor. (-10% HP)
Your plain brown scales are hard. (AC +5)
You cannot fit into any form of body armour.
You are cold-blooded and may be slowed by cold attacks.


Message History

The orc warrior hits you with a +0 long sword!
* * * LOW HITPOINT WARNING * * *
The orc warrior attacks as you move away!
The orc warrior hits you with a +0 long sword.
* * * LOW HITPOINT WARNING * * *
The foxfire hits the orc warrior.
The orc warrior is severely wounded.
The foxfire hits the orc warrior.
The orc warrior is severely wounded.
Casting: Foxfire (safe; 14% risk of failure)
Press: ? - help, Q - select action, (/) - cycle Dir - look around, f - activate
Okay, then.
You feel much better.
The orc warrior hits you with a +0 long sword.
Casting: Foxfire (safe; 14% risk of failure)
Press: ? - help, Q - select action, (/) - cycle Dir - look around, f - activate You miscast Foxfire.
You are very lightly contaminated with residual magic.
Nothing appears to happen.
The orc barely misses you. You block the orc warrior's attack.
Casting: Foxfire (safe; 14% risk of failure)
Press: ? - help, Q - select action, (/) - cycle Dir - look around, f - activate You conjure some foxfire!
You block the orc warrior's attack.
The orc warrior attacks as you move away!
The orc warrior completely misses you.
The foxfire hits the orc.
The orc is heavily wounded.
The foxfire hits the orc warrior.
The orc warrior is almost dead.
Casting: Foxfire (safe; 14% risk of failure)
Press: ? - help, Q - select action, (/) - cycle Dir - look around, f - activate You miscast Foxfire.
Nothing appears to happen.
The orc warrior attacks as you move away!
The orc warrior hits you with a +0 long sword!
Casting: Foxfire (safe; 14% risk of failure)
Press: ? - help, Q - select action, (/) - cycle Dir - look around, f - activate You conjure some foxfire!
The orc closely misses you.
The orc hits you with a +1 heavy morningstar!
You die...

####### ######## ########
......# #......# #......#
......# #...#### #......#
......# #...#♣v♣#####......#
......# #...oo@....##......#
......# #....oov.#.##......#
......#####.....).)#.##......#
###........##'#♣∩♣#.....######
#........#..#####.....#
#........#...#........#
#........'...#........#
#........#...#........#
#........#...#........#


You could see an orc warrior (ally target) and 3 orcs.

Vanquished Creatures
  A hound (D:4)
  Jessica (D:3)
  Robin (D:2)
  A gnoll (D:5)
  2 adders (D:2)
  2 white imps (D:5)
  A worm (D:3)
  3 orcs
  4 ball pythons
  6 bats
  3 giant cockroaches
  12 goblins
  8 hobgoblins
  6 quokkas
  8 frilled lizards
  5 kobolds
  6 rats
70 creatures vanquished.

Vanquished Creatures (collateral kills)
  2 gnolls (D:5)
2 creatures vanquished.

Vanquished Creatures (others)
  An ancestor (D:5)
  159 foxfires
  13 plants (D:2)
173 creatures vanquished.

Grand Total: 245 creatures vanquished

Notes
Turn   | Place    | Note
-------+----------+-------------------------------------------
     0 | D:1      | cheesebisquit the Draconian Fire Elementalist began the
                  | quest for the Orb.
     0 | D:1      | Reached XP level 1. HP: 14/14 MP: 3/3
   529 | D:1      | Reached XP level 2. HP: 20/20 MP: 3/5
  1246 | D:2      | Reached XP level 3. HP: 13/27 MP: 0/6
  1328 | D:2      | Noticed Robin
  1350 | D:2      | Killed Robin
  1882 | D:2      | Reached skill level 1 in Shields
  1887 | D:2      | Reached XP level 4. HP: 34/34 MP: 3/7
  1994 | D:2      | Reached skill level 1 in Fighting
  2101 | D:3      | Noticed Jessica
  2108 | D:3      | Killed Jessica
  2109 | D:3      | Reached skill level 1 in Polearms
  2157 | D:3      | Found an ornate altar of the Wu Jian Council.
  2158 | D:3      | Found a white marble altar of Elyvilon.
  3014 | D:4      | Found a staircase to the Ecumenical Temple.
  3048 | Temple   | Entered the Ecumenical Temple
  3381 | Temple   | Became a worshipper of Hepliaklqana the Forgotten
  4045 | D:4      | Reached skill level 4 in Fire Magic
  4045 | D:4      | Reached XP level 5. HP: 40/40 MP: 5/9
  4197 | D:5      | Entered Level 5 of the Dungeon
  4274 | D:5      | Reached * piety under Hepliaklqana
  4445 | D:5      | Found Ommonaj's General Store.
  4449 | D:5      | Found Wuusuun's Specific Store.
  4516 | D:5      | Bought a scroll of blinking for 90 gold pieces
  4522 | D:5      | Bought a potion of heal wounds for 60 gold pieces
  4522 | D:5      | Bought a potion of attraction for 36 gold pieces
  4557 | D:5      | Noticed an orc warrior
  4598 | D:5      | Slain by an orc

Illustrated notes

Levels and vault maps discovered:
D:1:      elethiomel_arrival_maze, layout_loops_corners, serial_aquarium,
          aquarium_bridge_square [aquarium_subvault_bridge,
          aquarium_subvault_window, aquarium_subvault_window,
          aquarium_subvault_window], aquarium_window_1, aquarium_window_1,
          aquarium_window_fake, aquarium_view_2d, aquarium_view_2b,
          aquarium_balcony_3a, aquarium_pool_corner
D:2:      wad_lake_hut, layout_rooms, minmay_misc_feat_chi, uniq_robin
D:3:      layout_basic, jmf_multi_god_temple, uniq_jessica
D:4:      layout_loops_corners, minmay_temple_entry_statues_pillars
D:5:      layout_gridville, nicolae_specific_store, minmay_joined_circles,
          uniq_grinder
Temple:   mainiacjoe_temple_cubbyholes

Skill      XL: |  1  2  3  4 |
---------------+-------------+-----
Dodging        | 2 |  2.3
Stealth        | 2 |  2.4
Shields        | 1 |  1.5
Fighting       | 1 |  1.7
Polearms       | 1 |  1.5
Fire Magic     | 4 |  4.1
Spellcasting   | |  2.7
Conjurations   | |  1.0

Action                     |  1- 3 |  4- 6 || total
---------------------------+-------+-------++-------
  Melee: Spear             |    40 |    33 ||    73
         Tailslap          |     6 |     2 ||     8
   Cast: Foxfire           |    43 |    51 ||    94
    Use: Potion            |     1 |     3 ||     4
   Stab: Sleeping          |       |     2 ||     2
 Armour: Skin              |    16 |     7 ||    23
  Dodge: Dodged            |    20 |    18 ||    38
  Block: Kite shield       |    17 |    19 ||    36

Table legend: (Time is in decaauts)
 A = Elapsed time spent in this place.
 B = Non-inter-level travel time spent in this place.
 C = Inter-level travel time spent in this place.
 D = Time resting spent in this place.
 E = Time spent auto-exploring this place.
 F = Levels seen in this place.
 G = Mean time per level.
                   A        B        C        D        E       F      G
               +--------+--------+--------+--------+--------+-----+--------+
         Total |   4656 |   4389 |    267 |      0 |   3816 |   6 |  776.0 |
       Dungeon |   4286 |   4084 |    202 |      0 |   3517 |   5 |  857.2 |
        Temple |    369 |    304 |     65 |      0 |    299 |   1 |  369.0 |
               +--------+--------+--------+--------+--------+-----+--------+

Top non-repeatable levels by time:
     D:1: 1242 daAuts
     D:2: 941 daAuts
     D:4: 862 daAuts
     D:3: 835 daAuts
     D:5: 404 daAuts
  Temple: 369 daAuts
